[Event "Team 45 45 League T25"]
[Site "Internet Chess Club"]
[Date "2004.12.17"]
[Round "2"]
[White "liger"]
[Black "slakkjaw"]
[Result "0-1"]
[WhiteElo "1284"]
[BlackElo "1227"]
[TimeControl "2700+45"]

1. e4 c5 2. d4 d5 3. e5 e6 4. Nf3 Be7 5. Bb5+ Bd7 6. Qe2 a6 7. Bxd7+ Nxd7 8. Nc3
h6 9. O-O f5 10. Rd1 c4 11. Bf4 Qc7 12. Nh4 Bxh4 13. Qh5+ Kf8 14. Qxh4 Kf7 15.
Ne2 Ne7 16. Ng3 g5 17. Qh5+ Kg7 18. Nxf5+ Nxf5 19. Bxg5 hxg5 20. Qxg5+ Kf7 21.
Qf4 Rag8 22. Kh1 Nf8 23. g4 Ng6 24. Qg5 Nxe5 25. Qxg8+ Kxg8 26. gxf5 Nf3 27. Kg2
Qf4 28. fxe6 Qg4+ 29. Kf1 Rxh2 30. e7 Qg1+ 31. Ke2 Qxf2# {White checkmated} 0-1

[Event "Team 45 45 League T25"]
[Site "Internet Chess Club"]
[Date "2004.12.17"]
[Round "2"]
[White "bubbarook"]
[Black "Lizaveta"]
[Result "0-1"]
[WhiteElo "1297"]
[BlackElo "1377"]
[TimeControl "2700+45"]

1. e4 e5 2. Nf3 Nc6 3. Bc4 Bc5 4. O-O d6 5. h3 Nf6 6. d3 O-O 7. Re1 Be6 8. Be3
Bb6 9. Bxb6 axb6 10. Bxe6 fxe6 11. Ng5 Qe7 12. c3 Nd7 13. Nf3 Rf7 14. Nbd2 Raf8
15. Rc1 Nc5 16. Nf1 Rf6 17. Rc2 Nd8 18. N1h2 Nf7 19. Ng4 Rg6 20. Qd2 Ng5 21.
Nxg5 Rxg5 22. Rf1 h5 23. Nh2 Qf6 24. h4 Rg6 25. g3 Qxh4 26. Kh1 Qh3 27. d4 Rxg3
28. f3 Nxe4 29. Qe2 Ng5 30. Rg1 Rfxf3 31. Rxg3 Rxg3 32. dxe5 Nf3 33. Rc1 Nh4 34.
Rg1 Rf3 35. Rg5 Re3 36. Qf1 Qxf1+ 37. Nxf1 Rh3+ 38. Nh2 Nf3 39. Kg2 Nxg5 {White
resigns} 0-1

[Event "Team 45 45 League T25"]
[Site "Internet Chess Club"]
[Date "2004.12.19"]
[Round "2"]
[White "SeanT"]
[Black "houseofcook"]
[Result "1/2-1/2"]
[WhiteElo "1309"]
[BlackElo "1309"]
[TimeControl "2700+45"]

1. d4 Nf6 2. Nc3 g6 3. Nf3 Bg7 4. Be3 O-O 5. Qd2 Re8 6. Bh6 Bh8 7. e3 a6 8. Bd3
d6 9. Ng5 Ng4 10. Bc4 Nxh6 11. e4 Bg7 12. h3 e6 13. Nf3 Kh8 14. O-O Ng8 15. Nd1
Nf6 16. Bd3 d5 17. e5 Nfd7 18. Ne3 f6 19. Ng4 fxe5 20. Nfxe5 Nxe5 21. Nxe5 Bxe5
22. dxe5 Nd7 23. Rfe1 c5 24. Qh6 Rg8 25. c3 Qf8 26. Qg5 c4 27. Bc2 b5 28. Re3
Qg7 29. f4 h6 30. Qg3 Nf8 31. Qf2 Bd7 32. Rg3 Qf7 33. h4 a5 34. Rh3 h5 35. g3 b4
36. Qb6 bxc3 37. bxc3 a4 38. Qb7 Qe8 39. Qb1 Rb8 40. Qd1 Rb2 41. a3 Qb8 42. Rh2
Qb6+ 43. Kh1 Qe3 44. Qe1 Qxe1+ 45. Rxe1 Ra2 46. Bxa4 Bxa4 47. Rxa2 Nd7 48. Rb2
Rb8 49. Rb4 Rxb4 50. axb4 Bb5 51. Kg2 Kg7 52. Rd1 Kf7 53. Kf3 Nb6 54. g4 Na4 55.
Rc1 Bc6 56. Ke3 hxg4 57. Kd4 Kg7 58. Rg1 Kh6 59. Rxg4 Bd7 60. Rg1 Bc6 61. Rg4
{Game drawn by mutual agreement} 1/2-1/2

[Event "Team 45 45 League T25"]
[Site "Internet Chess Club"]
[Date "2004.12.20"]
[Round "2"]
[White "EyeAm"]
[Black "mjallen66"]
[Result "1-0"]
[WhiteElo "1242"]
[BlackElo "1130"]
[TimeControl "2700+45"]

1. e4 e5 2. Nf3 Nc6 3. Bc4 Nf6 4. Ng5 d5 5. exd5 Nxd5 6. Nxf7 Kxf7 7. Qf3+ Qf6
8. Bxd5+ Be6 9. Bxe6+ Kxe6 10. Qxf6+ gxf6 11. c3 Rg8 12. O-O Bh6 13. b4 a5 14.
b5 Ne7 15. d3 Bxc1 16. Rxc1 Rad8 17. Rd1 e4 18. d4 c5 19. bxc6 bxc6 20. Nd2 f5
21. a4 Nd5 22. Nb1 Rd6 23. Kf1 Rb8 24. Ra3 Nf4 25. Nd2 Rb2 26. Nc4 Nd3 27. Nxb2
Nxb2 28. Rb1 Nc4 29. Ra2 c5 30. Rd1 e3 31. Rd3 f4 32. Ke2 cxd4 33. cxd4 Kf5 34.
fxe3 Nxe3 35. Kf3 Rg6 36. d5 Nxg2 37. Rxg2 {Black resigns} 1-0

[Event "Team 45 45 League T25"]
[Site "Internet Chess Club"]
[Date "2004.12.21"]
[Round "2"]
[White "chesskel"]
[Black "BosqueVerde"]
[Result "1-0"]
[WhiteElo "1160"]
[BlackElo "1146"]
[TimeControl "2700+45"]

1. d4 d5 2. Nf3 e6 3. Bf4 Bb4+ 4. c3 Ba5 5. e3 Bd7 6. Nbd2 c5 7. Be2 Qb6 8. Qb3
c4 9. Qc2 Ne7 10. b4 cxb3 11. Qxb3 O-O 12. g4 Rc8 13. Nb1 Ng6 14. Bg3 Qxb3 15.
axb3 Bxc3+ 16. Nxc3 Rxc3 17. Rb1 Nc6 18. Kd2 Rxb3 19. Rxb3 Na5 20. Rb4 a6 21.
Ne5 Nxe5 22. Bxe5 b5 23. Rc1 Nc6 24. Rb3 f6 25. Bg3 b4 26. f4 Na5 27. Rxb4 Nc6
28. Rb6 a5 29. Rb7 Bc8 30. Rc7 Na7 31. Re7 a4 32. Rcc7 a3 33. Rxa7 Rxa7 34. Rxa7
g5 35. Ra8 a2 36. Rxc8+ Kg7 37. Ra8 gxf4 38. Bxf4 e5 39. dxe5 fxe5 40. Bxe5+ Kg6
41. h4 h5 42. Bd3+ Kh6 43. Rh8# {Black checkmated} 1-0

[Event "Team 45 45 League T25"]
[Site "Internet Chess Club"]
[Date "2004.12.18"]
[Round "2"]
[White "mrmarck"]
[Black "Gomer"]
[Result "1-0"]
[WhiteElo "1376"]
[BlackElo "1340"]
[TimeControl "2700+45"]

1. d4 Nf6 2. e3 e6 3. c4 d5 4. Nf3 c5 5. Nc3 Be7 6. Bd3 O-O 7. O-O Bd7 8. Ne5
Nc6 9. Nxd7 Qxd7 10. cxd5 exd5 11. dxc5 Bxc5 12. b3 Qe6 13. Re1 Qe5 14. Bd2 d4
15. Na4 Bd6 16. g3 Ne4 17. exd4 Qxd4 18. Bxe4 Rae8 19. Bxc6 bxc6 20. Be3 Qxd1
21. Raxd1 Bb8 22. Rd3 a6 23. Red1 f5 24. Bc5 {Black resigns} 1-0

[Event "Team 45 45 League T25"]
[Site "Internet Chess Club"]
[Date "2004.12.18"]
[Round "2"]
[White "WannaB"]
[Black "SandiaCaveMan"]
[Result "0-1"]
[WhiteElo "1130"]
[BlackElo "1284"]
[TimeControl "2700+45"]

1. e4 c5 2. Nc3 Nc6 3. Nf3 d6 4. Bc4 Bg4 5. Bb5 Bd7 6. O-O a6 7. Bd3 Bg4 8. Nd5
e6 9. Ne3 Bh5 10. c3 Ne5 11. Be2 Qf6 12. Nxe5 Bxe2 13. Qxe2 Qxe5 14. Ng4 Qg5 15.
d3 Qe7 16. e5 Rd8 17. exd6 Rxd6 18. b3 Nf6 19. Nxf6+ Qxf6 20. Bd2 Be7 21. c4 O-O
22. b4 Qd4 23. bxc5 Qxd3 24. Qxd3 Rxd3 25. Bb4 Bf6 26. Rab1 Rc8 27. Rfd1 Rxd1+
28. Rxd1 Rd8 29. Rc1 Bd4 30. g3 f6 31. Re1 e5 32. a4 Kf7 33. Ba5 Rc8 34. Bb4 Ke6
35. Kg2 Bxc5 36. Bxc5 Rxc5 37. f4 Rxc4 38. fxe5 fxe5 39. a5 Ra4 40. Rb1 Rxa5 41.
Rxb7 Kf6 42. Rb8 g5 43. g4 Ra4 44. Rf8+ Ke6 45. Rh8 Rxg4+ 46. Kh3 Rh4+ 47. Kg3
a5 48. Ra8 a4 49. Ra6+ Kd5 50. Ra5+ Ke6 51. Ra6+ Kf5 52. Ra8 h5 53. Rf8+ Ke4 54.
Ra8 Rg4+ 55. Kf2 Kd3 56. Rf8 Rf4+ 57. Rxf4 exf4 58. Ke1 f3 59. Kf2 a3 {White
resigns} 0-1

[Event "Team 45 45 League T25"]
[Site "Internet Chess Club"]
[Date "2004.12.16"]
[Round "2"]
[White "Tom45"]
[Black "DayDream01"]
[Result "0-1"]
[WhiteElo "1182"]
[BlackElo "1122"]
[TimeControl "2700+45"]

1. e4 e5 2. Nf3 Nc6 3. Nc3 g6 4. Bc4 Nf6 5. h3 Bg7 6. d3 O-O 7. O-O Re8 8. Bg5
Nd4 9. Nxd4 exd4 10. Nd5 Re5 11. Nxf6+ Bxf6 12. Bxf6 Qxf6 13. f4 Re8 14. g3 d6
15. f5 Qe5 16. Qf3 g5 17. g4 Kh8 18. Bxf7 Rf8 19. Bc4 b5 20. Bd5 Rb8 21. b4 Bb7
22. Bxb7 Rxb7 23. a3 c5 24. bxc5 dxc5 25. Rfb1 a6 26. Rb2 Rd7 27. a4 c4 28. axb5
axb5 29. Ra5 Rb7 30. dxc4 d3 31. Raxb5 Rxb5 32. Rxb5 Qd4+ 33. Kf1 Qa1+ 34. Kg2
dxc2 35. Qf1 c1=Q 36. Qxc1 Qxc1 37. c5 Rc8 38. f6 Kg8 39. e5 Qc4 40. Rb7 Qd5+
41. Kg3 Qxb7 42. e6 Qb3+ 43. Kh2 Qxe6 {White resigns} 0-1

[Event "Team 45 45 League T25"]
[Site "Internet Chess Club"]
[Date "2004.12.20"]
[Round "2"]
[White "Dalcon"]
[Black "Ernesto-R"]
[Result "0-1"]
[WhiteElo "1148"]
[BlackElo "1200"]
[TimeControl "2700+45"]

1. e4 e5 2. Nf3 Nc6 3. Nc3 Nf6 4. Bc4 Bb4 5. Nd5 Nxd5 6. Bxd5 Ne7 7. Nxe5 Nxd5
8. exd5 O-O 9. O-O d6 10. Nd3 Ba5 11. c4 Bb6 12. Qf3 a6 13. b3 Bd7 14. Bb2 f6
15. Rae1 Qc8 16. Re4 Bf5 17. Re3 Bg4 18. Qf4 Bxe3 19. Qxe3 Re8 20. Qg3 Re2 21.
Qf4 Qf5 22. Qg3 Rae8 23. h3 Bh5 24. Nf4 Rxd2 25. Bc3 Rxa2 26. Ne6 Qg6 27. Qxg6
Bxg6 28. Nf4 Rc2 29. Ba5 b6 30. Bb4 a5 31. Ba3 Rc3 32. Ne6 Rxb3 33. Nxc7 Rxa3
34. Nxe8 Bxe8 35. Re1 Kf7 36. Kh2 Rc3 37. Re4 a4 38. c5 bxc5 39. Rxa4 Bxa4
{White resigns} 0-1

[Event "Team 45 45 League T25"]
[Site "Internet Chess Club"]
[Date "2004.12.19"]
[Round "2"]
[White "az2112"]
[Black "hondocando"]
[Result "1-0"]
[WhiteElo "1726"]
[BlackElo "1656"]
[TimeControl "2700+45"]

1. Nf3 b6 2. e4 Bb7 3. Nc3 d6 4. Bc4 e6 5. d4 Nf6 6. Qe2 h6 7. Bf4 d5 8. exd5
Nxd5 9. Nxd5 Bxd5 10. Bxd5 Qxd5 11. Bxc7 Bd6 12. Bxd6 Qxd6 13. Qe5 Qb4+ 14. c3
Qxb2 15. O-O Qxc3 16. Rac1 Qxc1 17. Rxc1 Nd7 18. Qxg7 Rf8 19. Ne5 Nxe5 20. dxe5
Rd8 21. Qf6 Rg8 22. g3 Rg5 23. Rc7 {Black resigns} 1-0

[Event "Team 45 45 League T25"]
[Site "Internet Chess Club"]
[Date "2004.12.18"]
[Round "2"]
[White "foodfight"]
[Black "GadsHill"]
[Result "0-1"]
[WhiteElo "1610"]
[BlackElo "1607"]
[TimeControl "2700+45"]

1. d4 d5 2. c4 e6 3. Nf3 c5 4. cxd5 exd5 5. g3 Nc6 6. Bg2 Nf6 7. O-O Be7 8. Nc3
O-O 9. Bg5 cxd4 10. Nxd4 h6 11. Be3 Re8 12. Nxc6 bxc6 13. Na4 Bf8 14. Rc1 Bd7
15. Nc5 Qa5 16. a3 Bxc5 17. Bxc5 Bg4 18. Re1 Qb5 19. f3 Bf5 20. b4 Nd7 21. e4
dxe4 22. fxe4 Be6 23. a4 Qb7 24. b5 Nxc5 25. Rxc5 Rad8 26. Qc2 cxb5 27. e5 Bd5
28. Rc7 Qb6+ 29. Kh1 Bxg2+ 30. Kxg2 Rd2+ 31. Qxd2 Qxc7 32. axb5 Qb7+ 33. Kh3
Qxb5 34. Qd7 Qxd7+ {White resigns} 0-1

[Event "Team 45 45 League T25"]
[Site "Internet Chess Club"]
[Date "2004.12.16"]
[Round "2"]
[White "dondel"]
[Black "jacknor"]
[Result "0-1"]
[WhiteElo "1667"]
[BlackElo "1559"]
[TimeControl "2700+45"]

1. e4 d6 2. Bc4 Nf6 3. Nc3 Nc6 4. h3 g6 5. Nf3 Bg7 6. d3 Na5 7. Bb3 Nxb3 8. cxb3
O-O 9. Be3 b6 10. O-O c5 11. d4 cxd4 12. Nxd4 Bb7 13. Qc2 Rc8 14. Qd3 a6 15. a4
Nd7 16. Nce2 Nc5 17. Qd1 Bxe4 18. f3 Bb7 19. b4 Nd7 20. g4 Ne5 21. b3 Nd7 22.
Rc1 Rxc1 23. Qxc1 Qc8 24. Qd2 Qd8 25. Rc1 e5 26. Nc6 Qh4 27. Kh2 f5 28. Qd5+ Kh8
29. Qxd6 Nf6 30. Nxe5 fxg4 31. fxg4 Ne4 32. Rc7 Nxd6 {White resigns} 0-1

[Event "Team 45 45 League T25"]
[Site "Internet Chess Club"]
[Date "2004.12.18"]
[Round "2"]
[White "bubbarook"]
[Black "Stanleyh"]
[Result "1-0"]
[WhiteElo "1312"]
[BlackElo "1254"]
[TimeControl "2700+45"]

1. f4 d5 2. e3 e6 3. d4 Nc6 4. Nf3 Nf6 5. c3 a6 6. Bd3 Bd6 7. Qc2 h6 8. O-O Bd7
9. Ne5 O-O 10. Nd2 Be7 11. e4 b5 12. Nxd7 Qxd7 13. e5 Ng4 14. Nf3 f5 15. h3 Nf6
16. exf6 Bxf6 17. Be3 Rab8 18. Rae1 Rbe8 19. Ne5 Bxe5 20. fxe5 Re7 21. Bf4 Qe8
22. Re3 g5 23. Rg3 Rg7 24. Qd2 Qh5 25. Be2 Qh4 26. Qe3 Rff7 27. Qf3 gxf4 28.
Qxf4 Qxf4 29. Rxg7+ Rxg7 30. Rxf4 Ne7 31. Rh4 Kh7 32. Bh5 Ng6 33. Bxg6+ Rxg6 34.
Rf4 h5 35. h4 Kh6 36. Kf2 Kg7 37. Rf3 Rg4 38. Rg3 f4 39. Rxg4+ hxg4 40. g3 Kg6
41. gxf4 Kh5 42. Kg3 Kh6 43. Kxg4 Kg6 44. h5+ Kh6 45. f5 exf5+ 46. Kxf5 Kxh5 47.
e6 Kh6 48. e7 {Black resigns} 1-0

[Event "Team 45 45 League T25"]
[Site "Internet Chess Club"]
[Date "2004.12.15"]
[Round "2"]
[White "fernbap"]
[Black "Calculator30"]
[Result "1-0"]
[WhiteElo "1751"]
[BlackElo "1569"]
[TimeControl "2700+45"]

1. e4 c5 2. Nf3 Nc6 3. d4 cxd4 4. Nxd4 Nf6 5. Nxc6 bxc6 6. e5 Nd5 7. c4 Nc7 8.
Nc3 e6 9. Ne4 Bb4+ 10. Bd2 Bxd2+ 11. Qxd2 O-O 12. Bd3 Rb8 13. h4 Ne8 14. h5 f6
15. f4 Qb6 16. O-O-O fxe5 17. fxe5 d5 18. c5 Qb7 19. Nd6 Nxd6 20. cxd6 Qb6 21.
Rdf1 Rxf1+ 22. Rxf1 Ba6 23. Bxa6 Qxa6 24. Qf4 Qxa2 25. Qf7+ Kh8 26. Qf8+ {Black
resigns} 1-0

[Event "Team 45 45 League T25"]
[Site "Internet Chess Club"]
[Date "2004.12.19"]
[Round "2"]
[White "qs16"]
[Black "reijo"]
[Result "1-0"]
[WhiteElo "1580"]
[BlackElo "1545"]
[TimeControl "2700+45"]

1. d4 d5 2. Nd2 Nf6 3. e3 g6 4. Bd3 Bg7 5. f4 O-O 6. Ngf3 b6 7. O-O Ba6 8. Qe2
Bxd3 9. Qxd3 Nbd7 10. Ne5 c5 11. c3 Qc7 12. b3 Qb7 13. f5 Nxe5 14. dxe5 Ne4 15.
fxg6 fxg6 16. Nf3 Rad8 17. Bb2 Qc7 18. c4 e6 19. Rad1 Qb7 20. a3 Rf7 21. Nd2
Rfd7 22. Nxe4 dxe4 23. Qe2 Qc7 24. Rxd7 Rxd7 25. Qg4 Qc6 26. Qf4 Rd2 27. Qf7+
Kh8 28. Qxa7 Qd7 29. Qxb6 Rd1 30. Qxc5 Rxf1+ 31. Kxf1 Qd1+ 32. Kf2 Qd2+ 33. Kg3
Qe1+ 34. Kh3 h6 35. Qc8+ Kh7 36. Qxe6 Qxe3+ 37. g3 Qe2 38. Qf7 Qxb2 39. e6 Qf6
40. Qxf6 Bxf6 41. Kg4 e3 42. Kf3 e2 43. Kxe2 Kg8 44. Kf3 Kf8 45. Ke4 Ke7 46. Kd5
Bb2 47. a4 Bc3 48. c5 Bb4 49. c6 Ba5 50. g4 Bc7 51. h3 Bb6 52. b4 Bc7 53. a5 Bd6
54. b5 Bb4 55. c7 Bxa5 56. c8=Q {Black resigns} 1-0

[Event "Team 45 45 League T25"]
[Site "Internet Chess Club"]
[Date "2004.12.20"]
[Round "2"]
[White "MikePetska"]
[Black "Traho"]
[Result "0-1"]
[WhiteElo "1376"]
[BlackElo "1391"]
[TimeControl "2700+45"]

1. e4 e6 2. d4 d5 3. e5 c5 4. c3 Qb6 5. Nf3 Nc6 6. Be2 Nge7 7. dxc5 Qxc5 8. Be3
Qa5 9. Nbd2 Qc7 10. Bd4 Nf5 11. Nb3 Nfxd4 12. Nfxd4 Qxe5 13. O-O a6 14. Nxc6
bxc6 15. Re1 Bd6 16. g3 Qf6 17. Qc2 g6 18. Nd4 c5 19. Nf3 O-O 20. Rad1 Bb7 21.
Kg2 Rfd8 22. Rd2 e5 23. Ng1 Bc7 24. f3 Bc6 25. a4 Rd6 26. b3 Ba5 27. Red1 d4 28.
Rd3 Bxc3 29. h3 Rb8 30. Rb1 Qe6 31. Bd1 Qf6 32. Be2 e4 33. fxe4 Bxe4+ 34. Nf3
Bxd3 35. Bxd3 Re8 36. Rf1 Rde6 37. Bc4 R6e7 38. Kh2 Re3 39. Kg2 Qf5 40. Qxf5
gxf5 41. Bxa6 d3 42. Bc4 d2 43. Ng5 R8e7 44. Kf2 Re1 45. Bxf7+ Rxf7 46. Nf3
Rxf1+ 47. Kxf1 d1=Q+ {White resigns} 0-1

[Event "Team 45 45 League T25"]
[Site "Internet Chess Club"]
[Date "2004.12.19"]
[Round "2"]
[White "NFK"]
[Black "forquesato"]
[Result "1-0"]
[WhiteElo "1739"]
[BlackElo "1770"]
[TimeControl "2700+45"]

1. e4 c5 2. d4 cxd4 3. c3 dxc3 4. Nxc3 e6 5. Nf3 Nc6 6. Bc4 Bc5 7. Bf4 a6 8. O-O
Nge7 9. Rc1 O-O 10. Qe2 Nd4 11. Nxd4 Bxd4 12. Rfd1 Nc6 13. Bd6 Re8 14. e5 b5 15.
Bd3 f6 16. Qe4 f5 17. Qe2 Bb6 18. Qh5 Bc7 19. Bxc7 Qxc7 20. Qxe8# {Black
checkmated} 1-0

[Event "Team 45 45 League T25"]
[Site "Internet Chess Club"]
[Date "2004.12.21"]
[Round "2"]
[White "swingdoc"]
[Black "Egmont"]
[Result "1-0"]
[WhiteElo "1656"]
[BlackElo "1686"]
[TimeControl "2700+45"]

1. e4 c5 2. Nf3 Nc6 3. d4 cxd4 4. Nxd4 g6 5. Be3 Bg7 6. Nc3 Nf6 7. f3 O-O 8. Qd2
d5 9. O-O-O Nxd4 10. Qxd4 Nxe4 11. Qxd5 Qxd5 12. Nxd5 Nf6 13. Nxe7+ Kh8 14. Nxc8
Raxc8 15. Bb5 a6 16. Ba4 b5 17. Bb3 a5 18. a4 bxa4 19. Bxa4 Rc4 20. Bb3 Rb4 21.
Bc5 Rxb3 22. Bxf8 Rb8 23. Bxg7+ Kxg7 24. Rhe1 Rb7 25. Re5 a4 26. Ra5 Rb4 27. c3
Rc4 28. Rd4 Rxd4 29. cxd4 Nh5 30. g3 Kf6 31. Rxa4 Ng7 32. b4 Ne6 33. b5 {Black
resigns} 1-0

[Event "Team 45 45 League T25"]
[Site "Internet Chess Club"]
[Date "2004.12.18"]
[Round "2"]
[White "SkatingBishop"]
[Black "Rainbird"]
[Result "1-0"]
[WhiteElo "1702"]
[BlackElo "1626"]
[TimeControl "2700+45"]

1. e4 e5 2. Nf3 Nc6 3. d4 exd4 4. Bc4 Bb4+ 5. c3 dxc3 6. O-O d6 7. a3 Ba5 8. b4
Bb6 9. Nxc3 Be6 10. Nd5 Nge7 11. Qb3 Qd7 12. Bb2 Bxd5 13. exd5 Ne5 14. Nxe5 dxe5
15. Bxe5 O-O-O 16. Rad1 f6 17. d6 fxe5 18. Be6 {Black resigns} 1-0

[Event "Team 45 45 League T25"]
[Site "Internet Chess Club"]
[Date "2004.12.16"]
[Round "2"]
[White "jmc860"]
[Black "chinta"]
[Result "1-0"]
[WhiteElo "1550"]
[BlackElo "1561"]
[TimeControl "2700+45"]

1. e4 e5 2. Nf3 d6 3. d4 exd4 4. Nxd4 Nf6 5. Nc3 Be7 6. Bc4 O-O 7. O-O c6 8. Be3
Nbd7 9. Nf3 b5 10. Bd3 b4 11. Ne2 Bb7 12. Ng3 c5 13. Re1 Ng4 14. Bf4 Qb6 15. Qe2
Bf6 16. Rab1 d5 17. b3 d4 18. Ng5 Nge5 19. Qh5 h6 20. Nf3 Nxf3+ 21. Qxf3 Ne5 22.
Bxe5 Bxe5 23. Nf5 Rae8 24. Qg4 Re6 25. f4 Rg6 26. Ne7+ Kh7 27. Nxg6 fxg6 28.
fxe5 Qa5 29. Rf1 Qxa2 30. Rbe1 Re8 31. e6 Ba6 32. Bxa6 Qxa6 33. Qe2 Qxe6 34. Qc4
Qe5 35. Qd5 Qc7 36. e5 Rd8 37. Qf7 Qc8 38. Qxa7 d3 39. cxd3 Rxd3 40. Qf7 Qg4 41.
Qf4 Qe6 42. Qc4 Qxc4 43. bxc4 b3 44. e6 Rd8 45. e7 Re8 46. Rf8 {Black resigns}
1-0

[Event "Team 45 45 League T25"]
[Site "Internet Chess Club"]
[Date "2004.12.21"]
[Round "2"]
[White "Loco-Motif"]
[Black "trikmamak"]
[Result "1-0"]
[WhiteElo "1866"]
[BlackElo "2201"]
[TimeControl "2700+45"]

1. d4 d5 2. c4 c6 3. Nc3 e6 4. Nf3 f5 5. g3 Nf6 6. Bg2 Bd6 7. Bf4 Bxf4 8. gxf4
O-O 9. e3 b6 10. cxd5 exd5 11. Ne5 Ba6 12. Bf1 Bxf1 13. Rxf1 Qd6 14. Qb3 Nbd7
15. O-O-O b5 16. Rg1 a5 17. Rg5 a4 18. Qc2 b4 19. Nxa4 Ne4 20. Nxd7 Qxd7 21. Nc5
Qa7 22. Nxe4 fxe4 23. Rdg1 Rf7 24. Qb3 h6 25. Rg6 Qxa2 26. Qxa2 Rxa2 27. Kb1 b3
28. R1g2 Rfa7 29. Kc1 c5 30. dxc5 R2a4 31. c6 Rc4+ 32. Kb1 Rc7 33. Rxh6 d4 34.
exd4 Rxd4 35. Kc1 Kf7 36. Rhg6 Kf8 37. R2g3 Rb4 38. h4 Rb6 39. Rc3 Kf7 40. h5
Rb5 41. Rg5 Rb4 42. Rd5 Ke6 43. Re5+ Kd6 44. Rg5 Rb6 45. Kd2 Rb4 46. Ke3 Ke6 47.
h6 gxh6 48. Rg6+ Kd5 49. Rxh6 Rb8 50. Rh5+ Kd6 51. Re5 Rxc6 52. Rxc6+ Kxc6 53.
Rxe4 Kc5 54. Kd3 Rh8 55. Kc3 Rb8 56. Rc4+ Kd5 57. Rb4 Rc8+ 58. Kxb3 Re8 59. Rb5+
Kd4 60. Re5 Rf8 61. Rb5 Kd3 62. f5 Rf6 63. Kb4 Ke2 64. Kc4 Kxf2 65. Kd4 Kf3 66.
Ke5 Rf8 67. f6 Kg4 68. Ke6 Rc8 69. Kd7 Rc1 70. f7 Rf1 71. Ke8 Re1+ 72. Kf8 Kh4
73. Rb7 Kh5 74. Rb6 Re2 75. Kg7 Rg2+ 76. Kf6 Rf2+ 77. Ke7 Re2+ 78. Re6 {Black
resigns} 1-0

[Event "Team 45 45 League T25"]
[Site "Internet Chess Club"]
[Date "2004.12.16"]
[Round "2"]
[White "GameMaster"]
[Black "mickeys"]
[Result "1/2-1/2"]
[WhiteElo "1679"]
[BlackElo "1688"]
[TimeControl "2700+45"]

1. d4 Nf6 2. c4 g6 3. Nc3 Bg7 4. Bg5 d6 5. e4 O-O 6. Nf3 Nbd7 7. Bd3 c6 8. O-O
a6 9. Rc1 b5 10. Qd2 Bb7 11. Rfe1 e5 12. d5 bxc4 13. Bxc4 c5 14. Bb3 Rc8 15. Qe3
Qc7 16. h3 Nb6 17. Ne2 Ne8 18. Bh6 f5 19. Bxg7 Nxg7 20. Nxe5 Qe7 21. Rxc5 Qxe5
22. Rxc8 Nxc8 23. Rc1 Qe7 24. Rc4 fxe4 25. Rxe4 Qf6 26. Nf4 Nf5 27. Qd2 Nce7 28.
Ne6 Rc8 29. g4 Nh4 30. Qh6 Nf3+ 31. Kg2 Nxd5 32. Nc7 Nh4+ 33. Kf1 Rf8 34. f4 Nf3
35. Bxd5+ Bxd5 36. Nxd5 Qxb2 37. Ne7+ Kf7 38. Qxh7+ Qg7 39. Qxg7+ Kxg7 40. Ke2
Ng1+ 41. Ke3 Nxh3 42. f5 Ng5 43. Rf4 gxf5 44. Nxf5+ Kh7 45. Nxd6 Rd8 46. Nf7
Re8+ 47. Kd3 Nh3 48. Rf1 Kg6 49. Kd2 Re7 50. Kc3 Re2 51. Kb3 Nf2 52. Nd6 Nxg4
53. a3 Re3+ 54. Ka4 Rd3 55. Nc4 Rd4 56. Rc1 Ne5 57. Kb3 Rd3+ 58. Rc3 Rd5 59.
Nxe5+ Rxe5 60. Rc6+ Kf5 61. Rxa6 Ke4 62. Rc6 Kd5 63. Rc1 Kd6 64. a4 Rc5 65. Ra1
Kc6 66. Kb4 Re5 67. Rc1+ Kb7 68. Ra1 Ka6 69. Rc1 Re4+ 70. Ka3 Re3+ 71. Kb2 Ka5
72. Ra1 Rh3 73. Kc2 Rg3 74. Kb2 Rh3 {Game drawn by mutual agreement} 1/2-1/2

[Event "Team 45 45 League T25"]
[Site "Internet Chess Club"]
[Date "2004.12.18"]
[Round "2"]
[White "DaveTheRook"]
[Black "nursey"]
[Result "1-0"]
[WhiteElo "1658"]
[BlackElo "1636"]
[TimeControl "2700+45"]

1. Nf3 Nf6 2. g3 c5 3. Bg2 d5 4. d3 Bg4 5. O-O Nc6 6. c3 e5 7. Bg5 Be7 8. Qa4
Bxf3 9. Bxf3 O-O 10. Na3 Nd7 11. Bxe7 Nxe7 12. c4 Nb6 13. Qb5 Rc8 14. Rfc1 a6
15. Qb3 dxc4 16. Nxc4 Nxc4 17. Rxc4 b5 18. Rc2 Nf5 19. e3 Qb6 20. Rac1 Rfd8 21.
Bg4 Qg6 22. Bxf5 Qxf5 23. Rxc5 h6 24. Rxc8 Rxc8 25. Rxc8+ Qxc8 26. Qc3 Qxc3 27.
bxc3 f5 28. f4 e4 29. d4 g6 30. Kf1 Kf7 31. Ke2 Ke6 32. Kd2 Kd5 33. Kc2 Kc4 34.
a3 a5 35. h3 g5 36. a4 bxa4 37. Kb2 gxf4 38. gxf4 Kd3 39. d5 Kxe3 40. d6 Kf2 41.
d7 e3 42. d8=Q e2 43. Qh4+ Kf1 44. c4 e1=Q 45. Qxe1+ Kxe1 46. c5 Kf2 47. c6 Kg3
48. c7 Kxf4 49. c8=Q h5 50. Qc1+ Ke5 51. Qg5 Ke4 52. Qxh5 f4 53. Qe2+ Kf5 54.
Qf3 Ke5 55. h4 Kf5 56. Ka3 {Black resigns} 1-0

[Event "Team 45 45 League T25"]
[Site "Internet Chess Club"]
[Date "2004.12.18"]
[Round "2"]
[White "DeLaSalle"]
[Black "Burning-Bush"]
[Result "0-1"]
[WhiteElo "2069"]
[BlackElo "2229"]
[TimeControl "2700+45"]

1. d4 c5 2. e3 g6 3. Nf3 Bg7 4. Bd3 Nc6 5. c3 b6 6. O-O Nf6 7. Nbd2 O-O 8. Qe2
d5 9. Ne5 Nxe5 10. dxe5 Ng4 11. f4 d4 12. exd4 cxd4 13. Be4 Rb8 14. h3 dxc3 15.
bxc3 Nh6 16. Bb2 Qc7 17. Rad1 Be6 18. Nb3 Nf5 19. Kh2 Bxe5 20. Bxf5 Bxf4+ 21.
Rxf4 Qxf4+ 22. g3 Qxf5 23. Nd4 Qxh3+ {White resigns} 0-1

[Event "Team 45 45 League T25"]
[Site "Internet Chess Club"]
[Date "2004.12.18"]
[Round "2"]
[White "PaulKaspar"]
[Black "SpanishFly"]
[Result "1-0"]
[WhiteElo "1967"]
[BlackElo "2001"]
[TimeControl "2700+45"]

1. e4 e6 2. d4 d5 3. e5 c5 4. c3 Qb6 5. Nf3 Nc6 6. Be2 cxd4 7. cxd4 Nh6 8. Nc3
Nf5 9. Na4 Qa5+ 10. Nc3 Bb4 11. Qd3 a6 12. a3 b5 13. Bg5 h6 14. Bd2 Bxc3 15.
bxc3 Qc7 16. O-O O-O 17. Rfb1 Na5 18. Qc2 Bd7 19. Bd3 Ne7 20. Bf4 f5 21. exf6
Qxf4 22. fxe7 Rf7 23. Ne5 Rxe7 24. Bh7+ {Black resigns} 1-0

[Event "Team 45 45 League T25"]
[Site "Internet Chess Club"]
[Date "2004.12.19"]
[Round "2"]
[White "DeepGlue"]
[Black "DocHoliday"]
[Result "1-0"]
[WhiteElo "2010"]
[BlackElo "1936"]
[TimeControl "2700+45"]

1. d4 d5 2. c4 e6 3. Nf3 Nf6 4. Bg5 Nbd7 5. e3 c6 6. Nbd2 Be7 7. Bd3 h6 8. Bh4
O-O 9. O-O dxc4 10. Nxc4 b5 11. Nce5 Bb7 12. Rc1 Rc8 13. a3 b4 14. Qa4 Nxe5 15.
Nxe5 bxa3 16. bxa3 Qd6 17. Qxa7 Qc7 18. Rb1 Ba8 19. Qxc7 Rxc7 20. a4 g5 21. Bg3
Ra7 22. Ra1 Nd5 23. Rfc1 Nb4 24. Be4 c5 25. Bxa8 Rfxa8 26. dxc5 Rxa4 27. Rxa4
Rxa4 28. h3 Ra8 29. c6 Rc8 30. c7 Bd6 31. Nc6 Nxc6 32. Bxd6 Na5 33. Rb1 Nc6 34.
Rb6 Na7 35. Rb8 Kg7 36. Kf1 f6 37. Ke2 e5 38. Kd3 Kf7 39. Kc4 Ke6 40. Kc5 Kd7
41. Rxc8 Nxc8 42. Bf8 h5 43. Bg7 Ke6 44. Kc6 Kf7 45. Bh8 Ke6 46. e4 g4 47. Kb7
gxh3 48. gxh3 Nd6+ 49. Kb8 f5 50. f3 fxe4 51. fxe4 Kd7 52. Bxe5 Nc8 53. Bf6 Nb6
54. Bd4 Nc8 55. Bc5 {Black resigns} 1-0

[Event "Team 45 45 League T25"]
[Site "Internet Chess Club"]
[Date "2004.12.20"]
[Round "2"]
[White "EricW"]
[Black "Loco-Motif"]
[Result "1-0"]
[WhiteElo "1910"]
[BlackElo "1837"]
[TimeControl "2700+45"]

1. d4 d5 2. c4 c6 3. cxd5 cxd5 4. Nc3 Nc6 5. Nf3 Nf6 6. Bf4 a6 7. e3 Bg4 8. Be2
e6 9. O-O Bd6 10. Bxd6 Qxd6 11. Rc1 Rc8 12. Na4 O-O 13. Qb3 Na5 14. Qb6 Qxb6 15.
Nxb6 Rxc1 16. Rxc1 Nc6 17. Kf1 Bxf3 18. Bxf3 Rd8 19. a3 Nd7 20. Nxd7 Rxd7 21.
Be2 Kf8 22. b4 Ke7 23. b5 axb5 24. Bxb5 Rc7 25. Bxc6 Rxc6 26. Rxc6 bxc6 27. Ke2
Kd6 28. Kd3 c5 29. dxc5+ Kxc5 30. e4 dxe4+ 31. Kxe4 f6 32. f4 Kc4 33. a4 h5 34.
g3 Kb4 35. Kd4 Ka5 36. Kc5 Kxa4 37. Kd6 {Black forfeits on time} 1-0